 Dungeon Crawl Stone Soup version 0.28-a0-667-g162e43154e (webtiles) character file.

Game seed: 10217421944730427996

509 Conn the Firebug (level 7, -5/43 HPs)
             Began as an Octopode Fire Elementalist on Oct 17, 2021.
             Slain by a wyvern zombie (13 damage)
             ... on level 5 of the Dungeon.
             The game lasted 00:08:57 (5628 turns).

Conn the Firebug (Octopode Fire Elementalist)       Turns: 5628, Time: 00:08:58

Health: -5/43      AC:  1    Str:  7    XL:     7   Next: 19%
Magic:  7/12       EV: 13    Int: 19    God:
Gold:   159        SH:  0    Dex: 13    Spells: 12/13 levels left

rFire   . . .      SeeInvis .   m - +0 dagger (venom)
rCold   . . .      Faith    .   (no shield)
rNeg    + . .      Spirit   .   (helmet restricted)
rPois   .          Reflect  .   (no amulet)
rElec   .          Harm     .   o - ring of positive energy
rCorr   .          Rampage  .   (no ring)
Will    .....                   (no ring)
Stlth   ++++......              (no ring)
HPRegen 0.14/turn               (no ring)
MPRegen 0.13/turn               (no ring)
                                (no ring)
                                (no ring)

@: no status effects
A: almost no armour, amphibious, 8 rings, camouflage 1, gelatinous body 1,
(nimble swimmer 1), tentacles
a: no special abilities


You were on level 5 of the Dungeon.
You visited 1 branch of the dungeon, and saw 5 of its levels.

You collected 159 gold pieces.

Inventory:

Hand Weapons
 d - a +0 dagger
 m - a +0 dagger of venom (weapon)
Jewellery
 j - a ring of ice
 o - a ring of positive energy (left tentacle)
Wands
 l - a wand of acid (9)
Scrolls
 a - a scroll of magic mapping {unknown}
 b - a scroll of silence {unknown}
 f - 3 scrolls of fear {unknown}
 g - 2 scrolls of amnesia {unknown}
 i - 6 scrolls of identify {unknown}
 s - a scroll of acquirement {unknown}
Potions
 c - a potion of lignification {unknown}
 e - a potion of might {unknown}
 h - a potion of cancellation {unknown}
 k - 2 potions of heal wounds {unknown}
 n - a potion of invisibility {unknown}
 p - a potion of flight {unknown}
 q - a potion of attraction {unknown}
 r - a potion of curing {unknown}


   Skills:
 + Level 1.5 Fighting
 + Level 1.4 Short Blades
 + Level 2.7 Dodging
 + Level 4.7 Stealth
 + Level 0.1 Unarmed Combat
 + Level 3.7 Spellcasting
 + Level 2.8 Conjurations
 + Level 4.8 Fire Magic


You had 12 spell levels left.
You knew the following spells:

 Your Spells              Type           Power      Damage    Failure   Level
a - Foxfire               Conj/Fire      72%        2x1d7     3%          1

Your spell library contained the following spells:

 Spells                   Type           Power      Damage    Failure   Level
 Scorch                   Fire           42%        2d7       3%          2
 Conjure Flame            Conj/Fire      18%        6-21      9%          3
 Inner Flame              Hex/Fire       12%        N/A       16%         3
 Sublimation of Blood     Necr           1%         N/A       22%         2
 Wereblood                Tmut           3%         N/A       22%         2
 Flame Wave               Conj/Fire      18%        3d5       28%         4
 Summon Guardian Golem    Hex/Summ       3%         N/A       38%         3
 Orb of Destruction       Conj           7%         9d3       100%        7
 Spellforged Servitor     Conj/Summ      4%         N/A       100%        7
 Summon Hydra             Summ           1%         N/A       100%        7


Dungeon Overview and Level Annotations

Branches:
Dungeon (5/15)
 Temple: D:4-7

Altars:
Ashenzari
Elyvilon
Vehumet
Yredelemnul

Annotations:
D:5 3 runed translucent doors, Lymetel's ghost, novice MiBe


Innate Abilities, Weirdness & Mutations

You cannot wear most types of armour.
You are amphibious.
You can wear up to eight rings at the same time.
Your skin changes colour to match your surroundings (Stealth+).
Your rubbery body absorbs attacks. (AC +1, EV +1)
((You are camouflaged near water. (Stealth+)))
You have tentacles for arms and can constrict up to eight enemies at once.


Message History

You conjure some foxfire!
The wyvern zombie closely misses you.
Unknown command.
Casting: Foxfire (safe; 3% risk of failure)
Confirm with . or Enter, or press ? or * to list all spells.
You conjure some foxfire!
The foxfire hits the wyvern zombie.
The wyvern zombie is heavily damaged.
The wyvern zombie closely misses you.
Unknown command.
Casting: Foxfire (safe; 3% risk of failure)
Confirm with . or Enter, or press ? or * to list all spells.
You conjure some foxfire!
The foxfire hits the wyvern zombie.
The wyvern zombie is heavily damaged.
The wyvern zombie misses you. The wyvern zombie bites you!
Unknown command.
You hit the wyvern zombie but do no damage.
The wyvern zombie is heavily damaged.
The foxfire hits the wyvern zombie.
The wyvern zombie is heavily damaged.
The foxfire hits the wyvern zombie.
The wyvern zombie is severely damaged.
The wyvern zombie bites you.
Casting: Foxfire (safe; 3% risk of failure)
Confirm with . or Enter, or press ? or * to list all spells.
You conjure some foxfire!
The foxfire hits the wyvern zombie.
The wyvern zombie is severely damaged.
Your foxfire dissipates!
The wyvern zombie bites you!
Unknown command.
You barely miss the wyvern zombie.
The wyvern zombie is severely damaged.
The foxfire hits the wyvern zombie but does no damage.
The wyvern zombie is severely damaged.
The foxfire hits the wyvern zombie.
The wyvern zombie is almost destroyed.
The wyvern zombie bites you!
* * * LOW HITPOINT WARNING * * *
Casting: Foxfire (safe; 3% risk of failure)
Confirm with . or Enter, or press ? or * to list all spells.
You conjure some foxfire!
The wyvern zombie bites you!
You die...

###### #..).# #.##'#
#.##.####
#.##....###
#.#####.#Z##
#########.##$W+.@v.#
..........##[.+..v.#
.##.########(.+....#
.##.# ####.#.##
#...# #.$..### #.###
#.####
#.##########+######
............†.....#
#.####............#


You could see Lymetel's ghost and a wyvern zombie (ally target).

Vanquished Creatures
  An ogre (D:5)
  A scorpion (D:5)
  2 bullfrog zombies (D:5)
  A hound (D:5)
  Jessica (D:2)
  2 iguanas
  A hound zombie (D:5)
  A hound skeleton (D:4)
  A howler monkey skeleton (D:4)
  4 adders (D:4)
  An ufetubus (D:5)
  An adder skeleton (D:4)
  4 worms (D:2)
  A dart slug (D:3)
  8 orcs
  13 endoplasms
  4 giant cockroaches
  9 goblins
  6 hobgoblins
  4 jackals
  2 quokkas
  13 ball pythons
  9 bats (D:2)
  2 frilled lizards
  5 kobolds
  7 rats
104 creatures vanquished.

Vanquished Creatures (others)
  279 foxfires
279 creatures vanquished.

Grand Total: 383 creatures vanquished

Notes
Turn   | Place    | Note
-------+----------+-------------------------------------------
     0 | D:1      | Conn the Octopode Fire Elementalist began the quest for the
                  | Orb.
     0 | D:1      | Reached XP level 1. HP: 11/11 MP: 3/3
   276 | D:1      | Reached XP level 2. HP: 17/17 MP: 1/5
   881 | D:1      | Reached XP level 3. HP: 21/21 MP: 6/6
  1019 | D:1      | Found a faded altar of an unknown god.
  1634 | D:2      | Reached XP level 4. HP: 27/27 MP: 0/7
  1800 | D:2      | Noticed Jessica
  1803 | D:2      | Killed Jessica
  1812 | D:2      | Reached skill level 1 in Fighting
  2814 | D:3      | Reached XP level 5. HP: 33/33 MP: 5/9
  2954 | D:4      | Found a radiant altar of Vehumet.
  4146 | D:4      | Found a white marble altar of Elyvilon.
  4146 | D:4      | Found a broken altar of Ashenzari.
  4973 | D:5      | Entered Level 5 of the Dungeon
  4987 | D:5      | Reached XP level 6. HP: 37/38 MP: 5/10
  5268 | D:5      | Reached skill level 1 in Short Blades
  5591 | D:5      | Found a runed translucent gate.
  5591 | D:5      | Found a runed translucent gate.
  5591 | D:5      | Found a runed translucent gate.
  5591 | D:5      | Noticed Lymetel's ghost (novice MiBe)
  5593 | D:5      | Found a basalt altar of Yredelemnul.
  5603 | D:5      | Reached XP level 7. HP: 43/43 MP: 12/12
  5628 | D:5      | Slain by a wyvern zombie

Illustrated notes

Levels and vault maps discovered:
D:1:      minmay_arrival_hallway, layout_loops_ring,
          hellmonk_ecumenical_altar_inner_sanctum, dk_noncrumbling_2,
          minmay_misc_feat_room
D:2:      layout_basic, minmay_joined_circles, uniq_jessica
D:3:      layout_basic
D:4:      layout_cave_pods, gammafunk_temple_overflow_statue,
          lemuel_round_altar, nrook_mini_vaults, small_statue_intersection,
          corexii_corridor_pit, lemuel_flame_loot_1
D:5:      layout_rooms, nicolae_yredelemnul_ghost_church

Skill      XL: |  1  2  3  4  5  6 |
---------------+-------------------+-----
Stealth        | 3 4 |  4.7
Fighting       | 1 |  1.5
Fire Magic     | 4 |  4.8
Spellcasting   | 3 |  3.7
Conjurations   | 2 |  2.8
Short Blades   | 1 |  1.4
Dodging        | |  2.7
Unarmed Combat | |  0.1

Action                   |  1- 3 |  4- 6 |  7- 9 || total
-------------------------+-------+-------+-------++-------
Melee: Unarmed           |    11 |       |       ||    11
       Constrict         |    12 |    19 |     1 ||    32
       Tentacles         |     3 |    14 |       ||    17
       Dagger            |    27 |    61 |    12 ||   100
 Cast: Foxfire           |    54 |   102 |     5 ||   161
 Stab: Sleeping          |     3 |    10 |     1 ||    14
Armor: Skin              |     5 |    10 |       ||    15
Dodge: Dodged            |    33 |    53 |    11 ||    97

Table legend: (Time is in decaauts)
 A = Elapsed time spent in this place.
 B = Non-inter-level travel time spent in this place.
 C = Inter-level travel time spent in this place.
 D = Time resting spent in this place.
 E = Time spent auto-exploring this place.
 F = Levels seen in this place.
 G = Mean time per level.
                   A        B        C        D        E       F      G
               +--------+--------+--------+--------+--------+-----+--------+
         Total |   5628 |   5449 |    179 |    101 |   4237 |   5 | 1125.6 |
       Dungeon |   5628 |   5449 |    179 |    101 |   4237 |   5 | 1125.6 |
               +--------+--------+--------+--------+--------+-----+--------+

Top non-repeatable levels by time:
     D:2: 1696 daAuts
     D:4: 1520 daAuts
     D:1: 1031 daAuts
     D:3: 726 daAuts
     D:5: 653 daAuts
